 Dungeon Crawl Stone Soup version 0.30-a0-304-gdc4b735fe1 (webtiles) character file.

Game seed: 6618829689445356256

21 ryw the Trooper (level 2, -4/25 HPs)
             Began as a Demonspawn Monk on Oct 21, 2022.
             Slain by Terence
             ... wielding a +6 flail of protection
              (9 damage)
             ... on level 2 of the Dungeon.
             The game lasted 00:01:53 (1048 turns).

ryw the Trooper (Demonspawn Monk)                   Turns: 1048, Time: 00:01:54

Health: -4/25      AC:  3    Str: 11    XL:     2   Next: 65%
Magic:  2/2        EV: 12    Int: 11    God:
Gold:   122        SH:  0    Dex: 15    Spells: 1/1 levels left

rFire   . . .      SeeInvis .    g - +0 falchion
rCold   . . .      Faith    .    (no shield)
rNeg    . . .      Spirit   .    a - +0 robe
rPois   .          Reflect  .    f - +1 hat
rElec   .          Harm     .    (no cloak)
rCorr   .          Rampage  .    (no gloves)
Will    +....                    (no boots)
Stlth   +.........               (no amulet)
HPRegen 0.24/turn                h - ring of willpower
MPRegen 0.08/turn                (no ring)

@: confused, ambrosia-drunk
A: demonic magic 1
a: no special abilities


You were on level 2 of the Dungeon.
You visited 1 branch of the dungeon, and saw 2 of its levels.

You collected 122 gold pieces.

Inventory:

Hand Weapons
 g - a +0 falchion (weapon)
Missiles
 e - 10 poisoned darts (quivered)
 l - 2 atropa-tipped darts
Armour
 a - a +0 robe (worn)
 f - a +1 hat (worn)
Magical Staves
 n - a staff of death
Jewellery
 h - a ring of willpower (left hand)
Scrolls
 c - 3 scrolls of enchant armour
Potions
 d - 2 potions of brilliance
 i - a potion of haste
 j - a potion of attraction {unknown}
 k - a potion of invisibility
 m - a potion of mutation {unknown}


   Skills:
 + Level 4.0 Fighting
 - Level 2.6 Dodging
 - Level 1.7 Stealth
 - Level 2.6 Unarmed Combat


You had one spell level left.
You didn't know any spells.
Your spell library was empty.

Dungeon Overview and Level Annotations

Branches:
Dungeon (2/15)

Altars:

Annotations:
D:2 Terence


Innate Abilities, Weirdness & Mutations

Spells you cast may paralyse adjacent enemies.


Message History

You open the door.
There is an open door here.
Found a stone staircase leading down.
You open the door.
There is an open door here.
You now have 122 gold pieces (gained 14).
You open the door.
Found a robe.
There is an open door here.
Found a mace.
You see here a +0 robe.
You open the door.
There is an open door here.
Key pressed, stopping explore.
No target in view!
You see here a +0 robe.
You see here a +0 mace.
A bat comes into view.
A bat is nearby!
The helpless bat fails to defend itself.
You hit the bat.
You kill the bat!
No target in view!
No target in view!
No target in view!
Terence the Incautious comes into view.
He is wielding a +6 flail of protection.
The helpless Terence fails to defend himself.
You hit Terence but do no damage.
Terence hits you with a +6 flail of protection!
You hit Terence but do no damage. Terence misses you.
Terence barely misses you.
Unknown command.
You barely miss Terence.
Terence hits you with a +6 flail of protection!
Ouch! That really hurt!
* * * LOW HITPOINT WARNING * * *
You are confused.
You feel invigorated.
Terence hits you with a +6 flail of protection!
You die...

..####.# #....+...†#.##.##.# #.#
#.###....####.#.##.##.# #.#
#...+....+..#.#†##.##.# #.#
#####....##.#.#.##.##.# #.#
#######.#.#.##.##.# #.#########
#.#.#.##.##.##### #.#.......#
#.#.#...........# #.#.......#
#@#.####.##.###.# #.#.......#
#@#.####.##.# #.# #.#.......#
#........##.# #.#
..#.......########.#######.###.#
..'..............#.##........#.#
###.......######.#.##.########.#
# #.......'......#.............#
# #.......###########.##########
# #######[# ###.# # #.# #.#.#


You could see Terence.

Vanquished Creatures
  A dart slug (D:2)
  An endoplasm (D:1)
  A giant cockroach (D:1)
  3 goblins (D:1)
  3 hobgoblins
  A quokka (D:1)
  3 ball pythons
  3 bats
  A rat (D:1)
17 creatures vanquished.

Notes
Turn   | Place    | Note
-------+----------+-------------------------------------------
     0 | D:1      | ryw the Demonspawn Monk began the quest for the Orb.
     0 | D:1      | Reached XP level 1. HP: 18/18 MP: 1/1
   339 | D:1      | Gained mutation: Spells you cast may paralyse adjacent
                  | enemies. [demonic ancestry]
   339 | D:1      | Reached XP level 2. HP: 21/24 MP: 2/2
   895 | D:2      | Reached skill level 4 in Fighting
  1042 | D:2      | Noticed Terence
  1048 | D:2      | Slain by Terence

Illustrated notes

Levels and vault maps discovered:
D:1:      psy_arrival_conway, layout_basic
D:2:      layout_basic, serial_shops, shop, uniq_terence, uniq_robin

Skill      XL: |  1  2 |
---------------+-------+-----
Fighting       | 4 |  4.0
Dodging        | |  2.6
Stealth        | |  1.7
Unarmed Combat | |  2.6

Action                   || total
-------------------------++-------
Melee: Unarmed           ||    66
       Falchion          ||    12
  Use: Scroll            ||     5
       Potion            ||     1
 Stab: Sleeping          ||     5
Armor: Robe              ||    21
Dodge: Dodged            ||    37

Table legend: (Time is in decaauts)
 A = Elapsed time spent in this place.
 B = Non-inter-level travel time spent in this place.
 C = Inter-level travel time spent in this place.
 D = Time resting spent in this place.
 E = Time spent auto-exploring this place.
 F = Levels seen in this place.
 G = Mean time per level.
                   A        B        C        D        E       F      G
               +--------+--------+--------+--------+--------+-----+--------+
         Total |   1051 |   1021 |     30 |      0 |    822 |   2 |  525.5 |
       Dungeon |   1051 |   1021 |     30 |      0 |    822 |   2 |  525.5 |
               +--------+--------+--------+--------+--------+-----+--------+

Top non-repeatable levels by time:
     D:1: 554 daAuts
     D:2: 497 daAuts
